MID
LEXINGTON LEGENDS @ LAKE COUNTY CAPTAINS
08/04/2044
 
TOP OF THE 1ST
Lexington Legends batting - Pitching for Lake County Captains : RHP Kensaku Shiba
Pitching: RHP Kensaku Shiba
Batting: RHB Matt Belgard 0-0: Ball
1-0: Ball
2-0: Foul Ball, location: 2F
2-1: Ground out 4-3 (Groundball, 4, EV 102.5 MPH)
Batting: RHB Yi-lin Niu 0-0: Ball
1-0: Ball
2-0: Ground out 5-3 (Groundball, 56, EV 88.1 MPH)
Batting: RHB Justin Bonner 0-0: Ball
1-0: Called Strike
1-1: Foul Ball, location: 2F
1-2: Foul Ball, location: 2F
1-2: Strikes out swinging
Top of the 1st over - 0 runs, 0 hits, 0 errors, 0 left on base; Lexington 0 - Lake County 0
BOTTOM OF THE 1ST
Lake County Captains batting - Pitching for Lexington Legends : RHP Matt Voulgaris
Pitching: RHP Matt Voulgaris
Batting: RHB Toki Takeuchi 0-0: Called Strike
0-1: Foul Ball, location: 2F
0-2: Ground out 4-3 (Groundball, 34, EV 105.6 MPH)
Batting: LHB Yasuo Igarashi 0-0: Ball
1-0: Swinging Strike
1-1: Called Strike
1-2: Strikes out swinging
Batting: LHB Justin Rankin 0-0: Ball
1-0: Swinging Strike
1-1: Foul Ball, location: 2F
1-2: Ball
2-2: Strikes out swinging
Bottom of the 1st over - 0 runs, 0 hits, 0 errors, 0 left on base; Lexington 0 - Lake County 0
TOP OF THE 2ND
Lexington Legends batting - Pitching for Lake County Captains : RHP Kensaku Shiba
Batting: RHB Alex Cid 0-0: Fly out, F9 (Flyball, 9D, EV 103.8 MPH)
Batting: LHB Josh Moore 0-0: Called Strike
0-1: Ball
1-1: Foul Ball, location: 2F
1-2: Strikes out swinging
Batting: SHB Jason Anaya 0-0: Ball
1-0: Swinging Strike
1-1: Swinging Strike
1-2: Ball
2-2: Strikes out swinging, 2-3 out at first.
Top of the 2nd over - 0 runs, 0 hits, 0 errors, 0 left on base; Lexington 0 - Lake County 0
BOTTOM OF THE 2ND
Lake County Captains batting - Pitching for Lexington Legends : RHP Matt Voulgaris
Batting: LHB Tim Fuller 0-0: Ball
1-0: Ball
2-0: Ball
3-0: Base on Balls
Batting: RHB Adrian Martinelli 0-0: Ball
1-0: Ball
2-0: Foul Ball, location: 2F
2-1: Foul Ball, location: 2F
2-2: Strikes out swinging
Batting: SHB Travis Burnett 0-0: Ball
Wild Pitch!
Tim Fuller to second
1-0: Swinging Strike
1-1: Ball
2-1: Called Strike
2-2: Fly out, F8 (Flyball, 8LXD, EV 94.4 MPH)
Runner from 2nd tags up, SAFE at 3rd, no throw by CF
Batting: LHB Danny Moreno 0-0: Foul Ball, location: 2F
0-1: TRIPLE (Flyball, 8RXD, EV 98.1 MPH)
Tim Fuller scores
Batting: LHB Ubbe de Bruin 0-0: Ball
1-0: Foul Ball, location: 2F
1-1: Ball
2-1: Swinging Strike
2-2: Ground out 4-3 (Groundball, 4, EV 100.0 MPH)
Bottom of the 2nd over - 1 run, 1 hit, 0 errors, 1 left on base; Lexington 0 - Lake County 1
TOP OF THE 3RD
Lexington Legends batting - Pitching for Lake County Captains : RHP Kensaku Shiba
Batting: RHB Dante McCauley 0-0: Called Strike
0-1: Swinging Strike
0-2: Ball
1-2: Strikes out swinging
Batting: RHB Allen Crenshaw 0-0: Swinging Strike
0-1: Called Strike
0-2: Foul Ball, location: 2F
0-2: Ball
1-2: Ball
2-2: Ground out 5-3 (Groundball, 56, EV 85.0 MPH)
Batting: RHB Gabe Torres 0-0: Ground out 4-3 (Groundball, 4M, EV 105.6 MPH)
Top of the 3rd over - 0 runs, 0 hits, 0 errors, 0 left on base; Lexington 0 - Lake County 1
BOTTOM OF THE 3RD
Lake County Captains batting - Pitching for Lexington Legends : RHP Matt Voulgaris
Batting: LHB Alan Kelly 0-0: Fly out, F7 (Flyball, 7, EV 75.0 MPH)
Batting: RHB Toki Takeuchi 0-0: Ground out 6-3 (Groundball, 6, EV 79.4 MPH)
Batting: LHB Yasuo Igarashi 0-0: Ball
1-0: Called Strike
1-1: Ball
2-1: Ball
3-1: Foul Ball, location: 2F
3-2: SINGLE (Line Drive, 34, EV 93.8 MPH)
Batting: LHB Justin Rankin 0-0: Called Strike
0-1: Ball
1-1: SINGLE (Groundball, 4MD, EV 96.3 MPH)
Yasuo Igarashi to second
Throwing error, E8
Yasuo Igarashi scores
Justin Rankin to second
Pitching: RHP Brian Straub
Batting: LHB Tim Fuller 0-0: Fly out, F4 (Line Drive, 4, EV 67.5 MPH)
Bottom of the 3rd over - 1 run, 2 hits, 1 error, 1 left on base; Lexington 0 - Lake County 2
TOP OF THE 4TH
Lexington Legends batting - Pitching for Lake County Captains : RHP Kensaku Shiba
Batting: RHB Matt Belgard 0-0: Called Strike
0-1: Ball
1-1: Ball
2-1: Fly out, F7 (Flyball, 7, EV 93.1 MPH)
Batting: RHB Yi-lin Niu 0-0: Ball
1-0: Ball
2-0: Called Strike
2-1: Swinging Strike
2-2: Strikes out swinging
Batting: RHB Justin Bonner 0-0: Ball
1-0: Ball
2-0: Ball
3-0: Base on Balls
Batting: RHB Alex Cid 0-0: Ball
1-0: Foul Ball, location: 2F
1-1: Called Strike
1-2: DOUBLE (Line Drive, 9LM, EV 106.9 MPH)
Justin Bonner to third
Batting: LHB Josh Moore 0-0: Swinging Strike
0-1: Called Strike
0-2: Ball
1-2: Foul Ball, location: 2F
1-2: Ball
2-2: Ground out 1-3 (Groundball, 13S, EV 70.0 MPH)
Top of the 4th over - 0 runs, 1 hit, 0 errors, 2 left on base; Lexington 0 - Lake County 2
BOTTOM OF THE 4TH
Lake County Captains batting - Pitching for Lexington Legends : RHP Brian Straub
Batting: RHB Adrian Martinelli 0-0: TRIPLE (Line Drive, 89XD, EV 107.5 MPH)
Batting: SHB Travis Burnett 0-0: Foul Ball, location: 2F
0-1: Ball
1-1: Swinging Strike
1-2: SINGLE (Groundball, 56D, EV 99.4 MPH)
Adrian Martinelli scores
Batting: LHB Danny Moreno 0-0: Ball
1-0: Ball
2-0: Foul Ball, location: 2F
2-1: Ball
3-1: Swinging Strike
3-2: Foul Ball, location: 2F
3-2: Foul Ball, location: 2F
3-2: Foul Ball, location: 2F
3-2: Fielders Choice at 2nd, 4-6 (Groundball, 4, EV 86.9 MPH)
Batting: LHB Ubbe de Bruin 0-0: Fielders Choice at 2nd, 6-4 (Groundball, 6M, EV 85.6 MPH)
Batting: LHB Alan Kelly 0-0: Foul Ball, location: 2F
0-1: Ball
1-1: Ball
2-1: DOUBLE (Line Drive, 9LM, EV 110.6 MPH)
Ubbe de Bruin to third
Pitching: LHP Joel Page
Batting: RHB Toki Takeuchi 0-0: Called Strike
0-1: Swinging Strike
0-2: Ball
1-2: Ball
2-2: Strikes out looking
Bottom of the 4th over - 1 run, 3 hits, 0 errors, 2 left on base; Lexington 0 - Lake County 3
TOP OF THE 5TH
Lexington Legends batting - Pitching for Lake County Captains : RHP Kensaku Shiba
Batting: SHB Jason Anaya 0-0: Foul Ball, location: 2F
0-1: Called Strike
0-2: Ball
1-2: Ball
2-2: Ball
3-2: Ground out 6-3 (Groundball, 6M, EV 109.4 MPH)
Batting: RHB Dante McCauley 0-0: Ball
1-0: Foul Ball, location: 2F
1-1: Swinging Strike
1-2: Ball
2-2: Strikes out swinging
Batting: RHB Allen Crenshaw 0-0: Ball
1-0: Ball
2-0: Called Strike
2-1: Ball
3-1: Foul Ball, location: 2F
3-2: Base on Balls
Batting: RHB Gabe Torres 0-0: Ball
1-0: Ball
2-0: Ball
3-0: Called Strike
3-1: Fly out, F8 (Line Drive, 8LD, EV 88.1 MPH)
Top of the 5th over - 0 runs, 0 hits, 0 errors, 1 left on base; Lexington 0 - Lake County 3
BOTTOM OF THE 5TH
Lake County Captains batting - Pitching for Lexington Legends : LHP Joel Page
Batting: LHB Yasuo Igarashi 0-0: Ball
1-0: Ball
2-0: Ball
3-0: Called Strike
3-1: Ground out 4-3 (Groundball, 4, EV 101.9 MPH)
Batting: LHB Justin Rankin 0-0: Ball
1-0: SINGLE (Line Drive, 6D, EV 105.6 MPH)
Batting: LHB Tim Fuller 0-0: Ball
1-0: Called Strike
1-1: Ball
2-1: Ball
3-1: Base on Balls
Justin Rankin to second
Batting: RHB Adrian Martinelli 0-0: Called Strike
0-1: Ball
1-1: Ball
2-1: Foul Ball, location: 2F
2-2: Hit by Pitch
Justin Rankin to third
Tim Fuller to second
Pitching: LHP Ken Milhouse
Batting: SHB Travis Burnett 0-0: Swinging Strike
0-1: Called Strike
0-2: Ball
1-2: Strikes out swinging
Batting: LHB Danny Moreno 0-0: Foul Ball, location: 2F
0-1: Ground out 4-3 (Groundball, 4, EV 98.1 MPH)
Bottom of the 5th over - 0 runs, 1 hit, 0 errors, 3 left on base; Lexington 0 - Lake County 3
TOP OF THE 6TH
Lexington Legends batting - Pitching for Lake County Captains : RHP Kensaku Shiba
Pitching: RHP Tatsuhito Shiota
Batting: RHB Matt Belgard 0-0: Called Strike
0-1: Fly out, F3 (Popup, 23F, EV 70.6 MPH)
Batting: RHB Yi-lin Niu 0-0: Called Strike
0-1: Reached on error, E6 (Groundball, 6, EV 81.9 MPH)
Batting: RHB Justin Bonner 0-0: Called Strike
0-1: Ball
1-1: Ball
2-1: Swinging Strike
2-2: Ball
3-2: Foul Ball, location: 2F
3-2: Strikes out swinging
Batting: RHB Alex Cid 0-0: Ball
1-0: Called Strike
1-1: Foul Ball, location: 2F
1-2: Strikes out swinging
Top of the 6th over - 0 runs, 0 hits, 1 error, 1 left on base; Lexington 0 - Lake County 3
BOTTOM OF THE 6TH
Lake County Captains batting - Pitching for Lexington Legends : LHP Ken Milhouse
Batting: LHB Ubbe de Bruin 0-0: Ball
1-0: Called Strike
1-1: SINGLE (Line Drive, 34, EV 101.9 MPH)
Batting: LHB Alan Kelly 0-0: Called Strike
0-1: Ball
1-1: Ball
2-1: Ball
3-1: Base on Balls
Ubbe de Bruin to second
Batting: RHB Toki Takeuchi 0-0: Ball
1-0: Ball
Wild Pitch!
Ubbe de Bruin to third
Alan Kelly to second
2-0: Ball
3-0: Called Strike
3-1: Foul Ball, location: 2F
3-2: Foul Ball, location: 2F
3-2: 3-RUN HOME RUN (Line Drive, 78XD, EV 116.3 MPH), Distance : 439 ft
Pitching: RHP Alex Sanders
Batting: LHB Yasuo Igarashi 0-0: Ball
1-0: Foul Ball, location: 2F
1-1: Ball
2-1: Ground out 6-3 (Groundball, 6, EV 99.4 MPH)
Batting: LHB Justin Rankin 0-0: Swinging Strike
0-1: Ground out 4-3 (Groundball, 13, EV 86.9 MPH)
Batting: LHB Tim Fuller 0-0: Ball
1-0: Called Strike
1-1: Fly out, F9 (Flyball, 9S, EV 78.8 MPH)
Bottom of the 6th over - 3 runs, 2 hits, 0 errors, 0 left on base; Lexington 0 - Lake County 6
TOP OF THE 7TH
Lexington Legends batting - Pitching for Lake County Captains : RHP Tatsuhito Shiota
Batting: LHB Josh Moore 0-0: Swinging Strike
0-1: Ball
1-1: Ball
2-1: Ball
3-1: Called Strike
3-2: Foul Ball, location: 2F
3-2: Base on Balls
Pitching: LHP Alcander Magos
Batting: SHB Jason Anaya 0-0: Ball
1-0: SINGLE (Line Drive, 78S, EV 109.4 MPH)
Josh Moore to second
Batting: RHB Dante McCauley 0-0: Ball
1-0: Ball
2-0: Grounds into double play, 6-4-3 (Groundball, 6, EV 78.8 MPH)
Josh Moore to third
Batting: RHB Allen Crenshaw 0-0: Fly out, F1 (Line Drive, P, EV 73.1 MPH)
Top of the 7th over - 0 runs, 1 hit, 0 errors, 1 left on base; Lexington 0 - Lake County 6
BOTTOM OF THE 7TH
Lake County Captains batting - Pitching for Lexington Legends : RHP Alex Sanders
Batting: RHB Adrian Martinelli 0-0: Ball
1-0: Ball
2-0: Swinging Strike
2-1: Foul Ball, location: 2F
2-2: Ball
3-2: SINGLE (Groundball, 56, EV 105.0 MPH) (infield hit)
Batting: SHB Travis Burnett 0-0: SINGLE (Line Drive, 89S, EV 95.0 MPH)
Adrian Martinelli to second
Runner from 2nd tries for 3rd, SAFE, throw by CF made to third
Batting: LHB Danny Moreno 0-0: Called Strike
0-1: Foul Ball, location: 2F
0-2: Hit by Pitch
Travis Burnett to second
Pitching: RHP Rick Young
Batting: LHB Ubbe de Bruin 0-0: Ball
1-0: Called Strike
1-1: Fielders Choice at 2nd, 6-4 (Groundball, 6, EV 90.6 MPH)
Adrian Martinelli scores
Travis Burnett to third
Batting: LHB Alan Kelly 0-0: Swinging Strike
0-1: Ball
1-1: Swinging Strike
1-2: Fly out, F6 (Line Drive, 6, EV 67.5 MPH)
Batting: RHB Toki Takeuchi 0-0: Called Strike
0-1: Ball
1-1: Swinging Strike
1-2: Fielders Choice at 2nd, 6-4 (Groundball, 6, EV 88.8 MPH)
Bottom of the 7th over - 1 run, 2 hits, 0 errors, 2 left on base; Lexington 0 - Lake County 7
TOP OF THE 8TH
Lexington Legends batting - Pitching for Lake County Captains : LHP Alcander Magos
Batting: RHB Gabe Torres 0-0: Called Strike
0-1: Ground out 4-3 (Groundball, 4D, EV 103.1 MPH)
Batting: RHB Matt Belgard 0-0: Swinging Strike
0-1: Ball
1-1: Ball
2-1: Swinging Strike
2-2: Strikes out looking
Batting: RHB Yi-lin Niu 0-0: Ball
1-0: Ball
2-0: Ball
3-0: Base on Balls
Batting: RHB Justin Bonner 0-0: Ball
1-0: Ball
2-0: Ball
3-0: Called Strike
3-1: Foul Ball, location: 2F
3-2: Fly out, F5 (Popup, 5, EV 61.9 MPH)
Top of the 8th over - 0 runs, 0 hits, 0 errors, 1 left on base; Lexington 0 - Lake County 7
BOTTOM OF THE 8TH
Lake County Captains batting - Pitching for Lexington Legends : RHP Rick Young
Batting: LHB Yasuo Igarashi 0-0: Ball
1-0: Called Strike
1-1: Foul Ball, location: 2F
1-2: SINGLE (Line Drive, 7S, EV 86.3 MPH)
Batting: LHB Justin Rankin
Pinch Hitting: RHB Carsten Koers 0-0: Ball
1-0: Called Strike
1-1: Foul Ball, location: 2F
1-2: Ball
2-2: Grounds into double play, 1-6-3 (Groundball, 34S, EV 75.0 MPH)
Batting: LHB Tim Fuller 0-0: Foul Ball, location: 2F
0-1: Swinging Strike
0-2: Ball
1-2: Ball
2-2: Foul Ball, location: 2F
2-2: SINGLE (Popup, 4D, EV 63.1 MPH)
Batting: RHB Adrian Martinelli 0-0: Called Strike
0-1: Called Strike
0-2: Foul Ball, location: 2F
0-2: Strikes out looking
Bottom of the 8th over - 0 runs, 2 hits, 0 errors, 1 left on base; Lexington 0 - Lake County 7
TOP OF THE 9TH
Lexington Legends batting - Pitching for Lake County Captains : LHP Alcander Magos
Now at 3B: Carsten Koers
Now in LF: Ubbe de Bruin
Now in CF: Toki Takeuchi
Batting: RHB Alex Cid 0-0: Ball
1-0: Ball
2-0: Ball
3-0: Called Strike
3-1: Fly out, F8 (Line Drive, 8RM, EV 88.1 MPH)
Batting: LHB Josh Moore 0-0: Called Strike
0-1: Ground out U3 (Groundball, 3, EV 102.5 MPH)
Batting: SHB Jason Anaya 0-0: Called Strike
0-1: SINGLE (Groundball, 56D, EV 101.9 MPH)
Batting: RHB Dante McCauley 0-0: Swinging Strike
0-1: Ball
1-1: Ball
2-1: Called Strike
2-2: Ball
3-2: Foul Ball, location: 2F
3-2: Base on Balls
Jason Anaya to second
Pitching: RHP En-guo Tsu
Batting: RHB Allen Crenshaw 0-0: Called Strike
0-1: Swinging Strike
0-2: Strikes out swinging
Top of the 9th over - 0 runs, 1 hit, 0 errors, 2 left on base; Lexington 0 - Lake County 7
Thursday, March 31st , 2022 - OOTP Baseball 22.12 Build 89